 Dungeon Crawl Stone Soup version 0.28-a0-1033-g1a2f33fa85 (webtiles) character file.

Game seed: 16910244903759097168

38 oldriver the Conjurer (level 3, -1/26 HPs)
             Began as a Draconian Conjurer on Dec 7, 2021.
             Slain by an adder (2 damage)
             ... on level 2 of the Dungeon.
             The game lasted 00:01:59 (1125 turns).

oldriver the Conjurer (Draconian Conjurer)          Turns: 1125, Time: 00:02:00

Health: -1/26      AC:  5    Str:  9    XL:     3   Next: 25%
Magic:  8/8        EV: 12    Int: 20    God:
Gold:   45         SH:  0    Dex:  9    Spells: 8/9 levels left

rFire   . . .      SeeInvis .   (no weapon)
rCold   . . .      Faith    .   (no shield)
rNeg    . . .      Spirit   .   (armour unavailable)
rPois   .          Reflect  .   (helmet restricted)
rElec   .          Harm     .   (no cloak)
rCorr   .          Rampage  .   (no gloves)
Will    .....                   (no boots)
Stlth   ++........              (no amulet)
HPRegen 0.08/turn               (no ring)
MPRegen 0.11/turn               (no ring)

@: mighty, brilliant, weak-willed
A: AC +5, unfitting armour, cold-blooded
a: no special abilities


You were on level 2 of the Dungeon.
You visited 1 branch of the dungeon, and saw 2 of its levels.

You collected 45 gold pieces.

Inventory:

Potions
 a - a potion of curing {unknown}


   Skills:
 - Level 1.7 Dodging
 - Level 1.7 Stealth
 * Level 3.5 Spellcasting
 - Level 4.0 Conjurations


You had 8 spell levels left.
You knew the following spells:

 Your Spells              Type           Power      Damage    Failure   Level
a - Magic Dart            Conj           100%       1d8       2%          1

Your spell library contained the following spells:

 Spells                   Type           Power      Damage    Failure   Level
 Searing Ray              Conj           58%        2d6       4%          2
 Dazzling Flash           Conj/Hex       34%        N/A       19%         3
 Fulminant Prism          Conj/Hex       8%         3d7       52%         4
 Iskenderun's Mystic Bla  Conj/Tloc      17%        2d5       52%         4


Dungeon Overview and Level Annotations

Branches:
Dungeon (2/15)

Altars:

Shops:
D:1 !


Innate Abilities, Weirdness & Mutations

Your plain brown scales are hard. (AC +5)
You cannot fit into any form of body armour.
You are cold-blooded and may be slowed by cold attacks.


Message History

The magic dart hits the adder.
The adder is almost dead.
Unknown command.
Casting: Magic Dart (safe; 2% risk of failure)
Confirm with . or Enter, or press ? or * to list all spells.
Aiming: Magic Dart (safe; 2% risk of failure)
Press: ? - help, Shift-Dir - straight line, f/p - adder
Aim: an adder (almost dead, 100% to hit)
The magic dart hits the adder but does no damage.
The adder is almost dead.
The adder bites you.
* * * LOW HITPOINT WARNING * * *
Casting: Magic Dart (safe; 2% risk of failure)
Confirm with . or Enter, or press ? or * to list all spells.
You don't have enough magic to cast this spell.
Unknown command.
As you read the scroll labelled WISOAPR ANKE, it crumbles to dust.
You assume a fearsome visage.
The gnoll looks frightened!
The adder looks frightened!
It was a scroll of fear.
As you read the scroll labelled OKHENAO APORR, it crumbles to dust.
Your attack snaps the adder out of its fear.
Your attack snaps the gnoll out of its fear.
Magic quickly surges around you.
It was a scroll of vulnerability.
As you read the scroll labelled MEGOGO JAECHO, it crumbles to dust.
It is a scroll of enchant armour.
You aren't carrying any armour which can be enchanted further.
It was a potion of magic.
Magic courses through your body.
It was a potion of brilliance.
You feel clever all of a sudden.
The gnoll hits you from afar with a +0 spear.
* * * LOW HITPOINT WARNING * * *
The adder hisses angrily.
Unknown command.
It was a potion of might.
You feel very mighty all of a sudden. The adder barely misses you.
The gnoll hits you from afar with a +0 spear.
* * * LOW HITPOINT WARNING * * *
The adder bites you.
You die...

#.#
#.#.#w#.###
..#
#.#.....#
##.... ####
#.###.###
...... #.#
#.# #......
#.# #.#
....... #.#
#S# .....
#.# #.# ...
#.# #.###g#
#.# #.S@..#
#.# #######
#.# #.# #.#
#.#####
#.....#
#####.# #.#


You could see a gnoll (weak-willed) and an adder (weak-willed).

Vanquished Creatures
  A gnoll (D:2)
  An adder (D:2)
  A dart slug (D:1)
  2 ball pythons (D:1)
  2 endoplasms
  A giant cockroach (D:2)
  A goblin (D:1)
  3 hobgoblins (D:1)
  4 bats
  A kobold (D:1)
  2 rats (D:1)
19 creatures vanquished.

Notes
Turn   | Place    | Note
-------+----------+-------------------------------------------
     0 | D:1      | oldriver the Draconian Conjurer began the quest for the
                  | Orb.
     0 | D:1      | Reached XP level 1. HP: 14/14 MP: 3/3
    45 | D:1      | Found Ifabb's Distillery.
   372 | D:1      | Reached XP level 2. HP: 20/20 MP: 2/5
   949 | D:2      | Reached XP level 3. HP: 26/26 MP: 2/7
  1125 | D:2      | HP: 1/26 [gnoll (4)]
  1125 | D:2      | Slain by an adder

Illustrated notes

Levels and vault maps discovered:
D:1:      dpeg_arrival_pits, layout_rooms, serial_shops, nicolae_diamond_shop
D:2:      layout_loops_ring, minmay_pentomino_v2

Skill      XL: |  1  2 |
---------------+-------+-----
Spellcasting   | 3 |  3.5
Dodging        | |  1.7
Stealth        | |  1.7
Conjurations   | |  4.0

Action                   || total
-------------------------++-------
Melee: Unarmed           ||     4
 Cast: Magic Dart        ||    56
  Use: Scroll            ||     3
       Potion            ||     3
Armor: Skin              ||     4
Dodge: Dodged            ||    14

Table legend: (Time is in decaauts)
 A = Elapsed time spent in this place.
 B = Non-inter-level travel time spent in this place.
 C = Inter-level travel time spent in this place.
 D = Time resting spent in this place.
 E = Time spent auto-exploring this place.
 F = Levels seen in this place.
 G = Mean time per level.
                   A        B        C        D        E       F      G
               +--------+--------+--------+--------+--------+-----+--------+
         Total |   1125 |   1087 |     38 |    219 |    662 |   2 |  562.5 |
       Dungeon |   1125 |   1087 |     38 |    219 |    662 |   2 |  562.5 |
               +--------+--------+--------+--------+--------+-----+--------+

Top non-repeatable levels by time:
     D:1: 886 daAuts
     D:2: 239 daAuts
